Map: Tokamak LE

Players

SHIN - Winner!

  • Race: Zerg Zerg
  • League: Grandmaster
  • Spawn Location: 7:00

SortOf

  • Race: Zerg Zerg
  • League: Grandmaster
  • Spawn Location: 1:00

VOD

Have the link to the VOD?

Description

Time

  • Played on: Nov. 6, 2025, 5:18 a.m.
  • Length: 6:09
Show
View Real Time Build Order
Export as new Build Order

SHIN Zerg - Winner!

Build Orders: Hatch First, Zergling Baneling 

Get SALT Encoding   

  12  0:00  Drone  
  13  0:07  Drone  
  14  0:14  Extractor, Drone  
  15  0:21  Overlord  
  15  0:39  Drone  
  16  0:44  Hatchery  
  16  0:48  Drone  
  16  0:52  Drone  
  16  0:55  Drone  
  18  1:07  Extractor  
  18  1:10  Spawning Pool  
  16  1:13  Drone  
  16  1:17  Drone  
  18  1:26  Drone  
  19  1:39  Drone  
  20  1:49  Drone  
  21  1:57  Queen x2  
  21  1:58  Zergling x2  
  21  1:59  Overlord  
  26  2:09  Drone x2  
  26  2:10  Metabolic Boost  
  28  2:18  Drone  
  28  2:20  Drone  
  30  2:29  Drone  
  31  2:30  Drone  
  32  2:37  Hatchery  
  32  2:39  Drone  
  32  2:42  Overlord  
  32  2:48  Baneling Nest  
  32  2:50  Drone  
  32  2:52  Drone  
  33  2:59  Queen  
  33  3:02  Drone  
  36  3:06  Zergling x2  
  36  3:08  Zergling x4  
  36  3:11  Zergling x2  
  40  3:13  Zergling x2  
  40  3:18  Overlord  
  41  3:21  Drone x2  
  41  3:22  Drone  
  44  3:29  Roach Warren  
  44  3:31  Extractor  
  42  3:35  Baneling, Evolution Chamber  
  40  3:43  Drone x4  
  40  3:46  Overlord  
  44  3:50  Overlord  
  44  4:15  Roach x7  
  57  4:23  Roach x3  
  63  4:25  Overlord  
  63  4:35  Zergling x10  
  68  4:43  Zergling x8  
  72  4:49  Baneling x7  
  72  4:50  Baneling  
  72  4:54  Zergling x4  
  75  5:00  Zergling x6  
  75  5:01  Ravager  
  78  5:09  Zergling x4  
  78  5:10  Zergling x2  
  70  5:17  Zergling x2  
  70  5:18  Zergling x10  
  70  5:20  Zergling x2  
  75  5:23  Zergling x4  
  75  5:27  Zergling x2  
  77  5:30  Zergling x2  
  77  5:32  Zergling x2  
  77  5:33  Ravager  
  77  5:35  Zergling x4  
  81  5:43  Zergling x2  
  81  5:45  Zergling x6  
  80  5:51  Zergling x2  
  80  5:54  Drone x2  
Show
View Real Time Build Order
Export as new Build Order

SortOf Zerg 

Build Orders: Hatch First 

Get SALT Encoding   

  12  0:00  Drone  
  13  0:08  Drone  
  14  0:14  Extractor  
  14  0:15  Drone  
  15  0:22  Overlord  
  15  0:41  Drone  
  16  0:46  Hatchery  
  16  0:49  Drone  
  16  0:52  Drone  
  16  0:56  Drone  
  18  1:07  Extractor  
  17  1:12  Spawning Pool  
  17  1:14  Drone  
  17  1:18  Drone  
  18  1:26  Drone  
  19  1:37  Drone  
  20  1:50  Drone  
  21  1:58  Overlord  
  21  1:59  Queen x2  
  21  2:00  Zergling x2  
  26  2:09  Drone x2  
  26  2:11  Metabolic Boost  
  28  2:20  Drone  
  28  2:22  Drone  
  31  2:30  Drone x2  
  32  2:38  Hatchery  
  32  2:44  Baneling Nest  
  30  2:47  Drone  
  30  2:49  Overlord  
  31  2:52  Zergling x2  
  32  3:00  Drone  
  32  3:08  Drone x4  
  32  3:10  Overlord  
  32  3:12  Drone x2  
  38  3:14  Zergling x2  
  38  3:19  Drone  
  40  3:21  Overlord  
  40  3:27  Queen  
  40  3:29  Baneling x2  
  40  3:32  Zergling x2  
  43  3:36  Drone  
  44  3:42  Drone x4  
  44  3:44  Zergling x4  
  44  3:47  Drone x2  
  52  3:53  Roach Warren  
  52  3:55  Extractor, Baneling  
  49  3:59  Drone x2  
  49  4:02  Overlord  
  51  4:08  Overlord  
  51  4:10  Drone  
  51  4:13  Evolution Chamber  
  51  4:14  Drone x3  
  54  4:17  Overlord  
  54  4:26  Overlord  
  54  4:33  Overlord  
  54  4:39  Roach x7  
  54  4:40  Roach  
  69  4:47  Roach x3  
  75  4:53  Extractor, Roach x2  
  75  4:55  Baneling x2  
  75  4:59  Roach  
  80  5:01  Drone x3  
  80  5:05  Roach  
  78  5:14  Roach x2  
  78  5:18  Roach  
  78  5:19  Zergling x2  
  71  5:21  Roach  
  71  5:23  Zergling x16  
  71  5:26  Roach  
  77  5:31  Roach  
  70  5:37  Roach  
  70  5:40  Roach  
  73  5:45  Roach  
  73  5:47  Zergling x4  
  66  5:54  Roach Warren  
Tags
 
Add a new tag
Caveats
  • Supply blocks, unpowered buildings, or Contaminate may cause inaccurate times.
  • Supply counts are checked every 10 seconds.